 Dungeon Crawl Stone Soup version 0.29.0-11-gd7f09526c8 (webtiles) character file.

Game seed: 3791772598833587860

8705 iguanaiguana the Fighter (level 11, -2/85 HPs)
             Began as a Djinni Conjurer on Sept 4, 2022.
             Was an Initiate of Gozag.
             Shot with an arrow by a centaur warrior (9 damage)
             ... on level 9 of the Dungeon.
             The game lasted 01:23:23 (5944 turns).

iguanaiguana the Fighter (Djinni Conjurer)          Turns: 5944, Time: 01:23:24

Health: -2/85      AC:  7    Str:  6    XL:     11   Next: 60%
Gold:   1155       EV: 11    Int: 23    God:    Gozag SH:  4 Dex: 13

rFire   + + .      SeeInvis +   I - +4 dagger (venom)
rCold   x . .      Faith    .   f - +0 buckler
rNeg    . . .      Spirit   .   y - +3 leather armour {rPois}
rPois   ∞          Reflect  .   C - +0 helmet
rElec   .          Harm     .   (no cloak)
rCorr   .          Rampage  .   (no gloves)
Will    +....                   (boots unavailable)
Stlth   ++........              s - amulet of the acrobat
HPRegen 0.24/turn               e - ring of see invisible
MPRegen 0.00/turn               (no ring)

@: flying, hasted, very quick
A: sickness immunity, fire resistance 2, cold vulnerability 1, float, innate
caster, HP casting, extra vitality 1
a: Renounce Religion, Potion Petition, Call Merchant, Bribe Branch


You were on level 9 of the Dungeon.
You worshipped Gozag.
Gozag was most pleased with you.
You visited 2 branches of the dungeon, and saw 10 of its levels.

You collected 1213 gold pieces.
You paid 58 gold pieces to Gozag.

Inventory:

Hand Weapons
 E - a +5 flail
 H - a +2 vampiric dagger
 I - a +4 dagger of venom (weapon)
Missiles
 h - 5 large rocks
 l - 3 atropa-tipped darts
 p - 17 poisoned darts (quivered)
 t - 5 javelins
 w - a boomerang
 A - 3 throwing nets
Armour
 a - a +0 robe
 f - a +0 buckler (worn)
 y - a +3 leather armour of poison resistance (worn)
 C - a +0 helmet (worn)
Jewellery
 e - a ring of see invisible (left hand)
 s - an amulet of the acrobat (around neck)
Wands
 i - a wand of paralysis (3)
 j - a wand of flame (21)
 n - a wand of quicksilver (5)
Scrolls
 c - a scroll of magic mapping {@r5}
 d - 4 scrolls of teleportation {@r3}
 k - a scroll of immolation {unknown}
 m - a scroll of torment
 r - 2 scrolls of fog {unknown}
 z - a scroll of vulnerability {unknown}
 D - 2 scrolls of blinking {unknown}
Potions
 b - a potion of lignification
 g - a potion of haste {@q4}
 q - a potion of attraction
 v - a potion of curing {@q1}
 x - a potion of cancellation {unknown}
 B - 2 potions of flight
 F - a potion of degeneration {unknown}
 G - a potion of might {unknown}


   Skills:
 + Level 9.9 Fighting
 - Level 4.0 Short Blades
 - Level 6.0 Throwing
 - Level 2.0 Armour
 - Level 2.1 Dodging
 - Level 1.5 Stealth
 - Level 3.0 Shields
 - Level 9.0 Spellcasting


You couldn't memorise any spells.
You knew the following spells:

 Your Spells              Type           Power      Damage    Failure   Level
a - Magic Dart            Conj           100%       1d8       1%          1
b - Searing Ray           Conj           100%       2d8       1%          2
c - Dazzling Flash        Conj/Hex       100%       N/A       1%          3
d - Fulminant Prism       Conj/Hex       25%        3d14      3%          4
e - Iskenderun's Mystic   Conj/Tloc      51%        2d11      3%          4
f - Apportation           Tloc           100%       N/A       1%          1
g - Passwall              Tmut/Erth      42%        N/A       1%          2
h - Ignite Poison         Fire/Tmut/Pois 51%        N/A       1%          3
i - Dispel Undead         Necr           51%        3d19      3%          4
j - Silence               Hex/Air        25%        N/A       9%          5
Your spell library was empty.

Dungeon Overview and Level Annotations

Branches:
Dungeon (9/15) Zot: 25967  Temple (1/1) D:5 Zot: 5955
   Lair: D:8-11         Orc: D:9-12

Altars:
Ashenzari
Cheibriados
Dithmenos
Elyvilon
Fedhas
Gozag
Hepliaklqana
Makhleb
Nemelex Xobeh
Okawaru
Ru
Trog
Uskayaw
Wu Jian
Xom
The Shining One

Shops:
D:4 (

Annotations:
D:3 exclusion: downstairs
D:4 exclusion: downstairs
D:5 Prince Ribbit
D:8 exclusion: downstairs


Innate Abilities, Weirdness & Mutations

You are immune to sickness and miasma.
You are immune to poison.
Your flesh is very heat resistant. (rF++)
You are vulnerable to cold. (rC-)
You float through the air rather than walking.
You learn spells naturally, not from books.
Your magical power is your life essence.
You have superior vitality. (+4 MHP)


Message History

Aim: an orc, wielding a +0 mace and carrying a wand of quicksilver (6) (65% to hit)
You throw a poisoned dart. The poisoned dart hits the orc!
The orc is poisoned.
Throw: 18 darts (poison)
Press: ? - help, Shift-Dir - straight line, f/p - orc
Aim: an orc, wielding a +0 mace and carrying a wand of quicksilver (6) (very poisoned, 65% to hit)
You throw a poisoned dart. The poisoned dart hits the orc.
The orc looks even sicker.
You closely miss the orc.
The orc is lightly wounded.
You barely miss the orc.
The orc is heavily wounded.
The orc zaps a wand.
You hit the orc.
The orc looks as sick as possible!
The orc is severely wounded.
The orc hits you with a +0 mace.
* * * LOW HITPOINT WARNING * * *
You hit the orc.
You kill the orc!
You now have 1155 gold pieces (gained 5).
n - a wand of quicksilver (5)
You see here a +0 mace.
A kobold brigand comes into view.
It is wielding a +0 mace and quivering poisoned darts.
The kobold brigand shouts!
You hear a shout! x2
The kobold brigand throws a poisoned dart.
You see here 2 poisoned darts.
You see here a +0 mace.
The centaur warrior shouts!
You hear a shout!
The centaur warrior shoots an arrow.
A troll comes into view.
The centaur warrior shoots an arrow.
The arrow hits you!!
* * * LOW HITPOINT WARNING * * *
Okay, then.
Okay, then.
Casting: Iskenderun's Mystic Blast (dangerous; 3% risk of failure)
Confirm with . or Enter, or press ? or * to list all spells.
Okay, then.
You feel yourself speed up.
The centaur warrior shoots an arrow.
The arrow hits you!
You die...
Your body crumbles into a pile of gold.

#[..(..##...K)......>..#.##.###
#.#.........(######............
#.#.).....)..######....#.#..#..
#......###.####......).........
##########.## #.#######..#.##.#
#...# #.#.....#$##.# #...#
#.#.###.#.##..
#...###.#.':#.'..#.#.
#####...#.@.#.###.#.#...#.
######...........#.....#.#..##.#
#.[.?[.....T.....#######(# #.# #
##.####...<.........$.$.$.# ##
.#[# #####.c.#...##.#.o##.# .#[#
#...#...#..#.#....# .#.#
.........####..##### .#.#
#..........# ##... .#)#
#.##>##.#.#c# K##.#


You could see a centaur warrior and a troll.

Vanquished Creatures
  A boulder beetle (D:8)
  Pikel (D:6)
  An ugly thing (D:9)
  A manticore (D:9)
  A hornet (D:9)
  3 slime creatures (D:8)
  A wraith (D:9)
  Eustachio (D:6)
  2 steam dragons (D:8)
  Menkaure (D:6)
  A vampire mosquito (D:7)
  3 water moccasins
  2 ice beasts (D:7)
  5 orc warriors
  A black bear (D:4)
  A sky beast (D:7)
  3 ogres
  A boggart (D:9)
  4 lemures (D:6)
  6 centaurs
  3 kobold brigands
  2 bullfrogs
  A gnoll sergeant (D:6)
  3 scorpions
  6 wights
  9 killer bees
  3 howler monkeys
  A jelly (D:4)
  6 hounds
  7 orc priests
  2 gnoll boudas
  An iguana (D:4)
  9 orc wizards
  8 adders
  13 gnolls
  A shadow imp (D:6)
  A white imp (D:7)
  An ufetubus (D:4)
  A worm (D:5)
  3 dart slugs
  22 orcs
  5 ball pythons
  4 bats
  5 endoplasms
  4 giant cockroaches
  5 hobgoblins
  4 frilled lizards
  5 goblins
  8 kobolds
  2 rats (D:3)
185 creatures vanquished.

Vanquished Creatures (collateral kills)
  A centaur warrior (D:9)
  A cyclops (D:9)
2 creatures vanquished.

Vanquished Creatures (others)
  A white imp (D:8)
  71 fulminant prisms
  11 plants (D:9)
83 creatures vanquished.

Grand Total: 270 creatures vanquished

Notes
Turn   | Place    | Note
-------+----------+-------------------------------------------
     0 | D:1      | iguanaiguana the Djinni Conjurer began the quest for the
                  | Orb.
     0 | D:1      | iguanaiguana set off with the following spells memorised:
                  | Magic Dart, Searing Ray, Dazzling Flash, Fulminant Prism,
                  | Iskenderun's Mystic Blast.
     0 | D:1      | Reached XP level 1. HP: 15/15 MP: 0/0
    91 | D:1      | Found a faded altar of an unknown god.
   105 | D:1      | Reached skill level 1 in Fighting
   150 | D:1      | Reached XP level 2. HP: 12/22 MP: 0/0
   348 | D:2      | Found a shimmering altar of Xom.
   713 | D:2      | Reached XP level 3. HP: 15/28 MP: 0/0
   713 | D:2      | Learned a level 1 spell: Apportation
  1062 | D:3      | Reached XP level 4. HP: 28/33 MP: 0/0
  1149 | D:3      | Reached skill level 1 in Shields
  1171 | D:3      | Found a shimmering altar of Xom.
  1423 | D:4      | Found Igen's Weapon Boutique.
  1431 | D:4      | Reached XP level 5. HP: 29/38 MP: 0/0
  1431 | D:4      | Learned a level 2 spell: Passwall
  1451 | D:4      | Noticed a black bear
  1736 | D:4      | Reached XP level 6. HP: 28/43 MP: 0/0
  1777 | D:4      | Noticed an ogre
  2000 | D:4      | Reached skill level 5 in Spellcasting
  2101 | D:4      | Reached XP level 7. HP: 19/49 MP: 0/0
  2101 | D:4      | Learned a level 3 spell: Ignite Poison
  2228 | D:5      | Entered Level 5 of the Dungeon
  2236 | D:5      | Noticed Prince Ribbit
  2576 | D:5      | Reached XP level 8. HP: 48/56 MP: 0/0
  2634 | D:5      | Found a staircase to the Ecumenical Temple.
  2644 | Temple   | Entered the Ecumenical Temple
  2644 | Temple   | Found a transporter.
  2644 | Temple   | Found a transporter.
  2646 | Temple   | Found a transporter.
  2646 | Temple   | Found a transporter.
  2672 | Temple   | Became a worshipper of Gozag Ym Sagoz the Greedy
  2697 | D:5      | Reached skill level 1 in Throwing
  3134 | D:6      | Noticed Pikel
  3144 | D:6      | Killed Pikel
  3145 | D:6      | Reached skill level 5 in Fighting
  3145 | D:6      | Reached XP level 9. HP: 26/66 MP: 0/0
  3145 | D:6      | Learned a level 4 spell: Dispel Undead
  3150 | D:6      | Noticed Menkaure
  3161 | D:6      | Killed Menkaure
  3373 | D:6      | Noticed Eustachio
  3389 | D:6      | Killed Eustachio
  3927 | D:7      | Reached XP level 10. HP: 52/75 MP: 0/0
  4516 | D:8      | Noticed a boulder beetle
  4530 | D:8      | Killed a boulder beetle
  4562 | D:8      | Reached skill level 5 in Throwing
  4924 | D:9      | Reached XP level 11. HP: 60/84 MP: 0/0
  4924 | D:9      | Learned a level 5 spell: Silence
  5051 | D:9      | Noticed a red ugly thing
  5055 | D:9      | Noticed a centaur warrior
  5211 | D:9      | Reached skill level 1 in Short Blades
  5391 | D:9      | Noticed a manticore
  5686 | D:9      | Killed a manticore
  5834 | D:9      | Killed a red ugly thing
  5838 | D:9      | Noticed a centaur warrior
  5854 | D:9      | Killed a centaur warrior
  5878 | D:9      | Noticed a cyclops
  5886 | D:9      | Killed a cyclops
  5944 | D:9      | Shot with an arrow by a centaur warrior

Illustrated notes

Levels and vault maps discovered:
D:1:      evilmike_arrival_crescent, layout_basic,
          ebering_ecumenical_altar_webs, corexii_leaking_fountain,
          roderic_cross_of_infinity
D:2:      layout_basic, basic_altar
D:3:      layout_rooms, mainiacjoe_overflow_paths, minmay_misc_feat_more_columns
D:4:      nicolae_cairo_tiling, layout_basic, serial_shops, shop,
          minmay_manual_macuahuitl
D:5:      layout_basic, minmay_temple_entry_large_hall, uniq_prince_ribbit1
D:6:      layout_basic, uniq_eustachio, uniq_pikel, uniq_menkaure
D:7:      layout_basic, hangedman_minor_gate_pass
D:8:      layout_rooms, nicolae_titane
D:9:      layout_loops_cross, minmay_shattered_shrine
Temple:   hellmonk_temple_divided_pantheon

Skill      XL: |  1  2  3  4  5  6  7  8  9 10 11 |
---------------+----------------------------------+-----
Fighting       | 1 2 3 5 7 9 |  9.9
Spellcasting   | 4 5 6 7 8 9 |  9.0
Shields        | 2 3 |  3.0
Throwing       | 2 6 |  6.0
Armour         | 2 |  2.0
Short Blades   | 4 |  4.0
Dodging        | |  2.1
Stealth        | |  1.5

Action                   |  1- 3 |  4- 6 |  7- 9 | 10-12 || total
-------------------------+-------+-------+-------+-------++-------
Melee: Trident           |       |     1 |     7 |       ||     8
       Dagger            |       |       |       |    21 ||    21
Throw: Dart              |       |       |    24 |    40 ||    64
 Cast: Magic Dart        |    35 |    45 |    15 |     6 ||   101
       Searing Ray       |     6 |    17 |     9 |     2 ||    34
       Passwall          |       |     1 |     2 |     6 ||     9
       Ignite Poison     |       |       |     8 |    22 ||    30
       Iskenderun's Myst |       |       |     8 |     4 ||    12
       Fulminant Prism   |       |       |    30 |    41 ||    71
       Dazzling Flash    |       |       |     5 |     4 ||     9
       Apportation       |       |       |     3 |       ||     3
       Dispel Undead     |       |       |     2 |     7 ||     9
Evoke: Wand              |       |       |       |     1 ||     1
  Use: Scroll            |     2 |       |     1 |    14 ||    17
       Potion            |       |     3 |       |     2 ||     5
 Stab: Sleeping          |       |     1 |       |       ||     1
       Invisible         |       |       |       |     2 ||     2
Armor: Robe              |     4 |     7 |     4 |       ||    15
       Leather armour    |       |       |       |     8 ||     8
Dodge: Dodged            |     6 |    23 |    39 |    53 ||   121
Block: Buckler           |       |     6 |     8 |    18 ||    32
